 Dungeon Crawl Stone Soup version 0.30-b1-2-g02819fbbbe (webtiles) character file.

Game seed: 3960273693006437600

9 Alarkh the Trooper (level 2, 24/24 HPs)
             Began as a Demonspawn Chaos Knight on May 21, 2023.
             Was a Plaything of Xom.
             Got out of the dungeon alive.
             The game lasted 00:00:29 (274 turns).

Alarkh the Trooper (Demonspawn Chaos Knight)         Turns: 274, Time: 00:00:29

Health: 24/24      AC:  5    Str: 12    XL:     2   Next: 6%
Magic:  2/2        EV: 10    Int: 13    God:    Xom [..*...]
Gold:   0          SH:  7    Dex: 12    Spells: 1/1 levels left

rFire   . .          .
                       - Unarmed
rCold   . . .        g - +0 buckler
rNeg    . . .        d - +2 leather armour {rPois}
rPois   +            (no helmet)
rElec   .            (no cloak)
rCorr   .            (no gloves)
SInv    .            (no boots)
Will    .....        (no amulet)
Stlth   +            (no ring)
HPRegen 0.24/turn    (no ring)
MPRegen 0.08/turn

%: no passive effects
@: no status effects
A: condensation shield
a: Renounce Religion


You escaped.
You worshipped Xom.
You were a toy of Xom.
You visited 1 branch of the dungeon, and saw 1 of its levels.

Inventory:

Armour
 a - a +2 leather armour
 d - a +2 leather armour of poison resistance (worn)
 g - a +0 buckler (worn)
Scrolls
 c - a scroll of identify {unknown}
 f - a scroll of teleportation {unknown}
Potions
 e - a potion of attraction {unknown}
Miscellaneous
 b - a piece from Xom's chessboard (15/15) (quivered)


   Skills:
 + Level 3.1 Fighting
 - Level 1.7 Armour
 + Level 1.0 Dodging
 + Level 0.2 Shields
 * Level 3.0 Unarmed Combat
 + Level 0.2 Evocations


You had one spell level left.
You didn't know any spells.
Your spell library was empty.

Dungeon Overview and Level Annotations

Branches:
Dungeon (1/15)

Altars:


Innate Abilities, Weirdness & Mutations

A meltable shield of frost defends you. (SH +4)


Message History

The jackal bites you but does no damage.
You hit the jackal.
You kill the jackal!
The jackal bites you.
Your Dodging skill increases to level 1!
You hit the jackal.
You kill the jackal!
The jackal misses you.
You hit the jackal.
You kill the jackal!
You have reached level 2!
Your demonic ancestry asserts itself...
Frost condenses into a shield before you.
Xom is amused.
You hit the rat.
You kill the rat!
Your Unarmed Combat skill increases to level 3!
No target in view!
No target in view!
No target in view!
No target in view!
No target in view!
No target in view!
There is an open door here.
You open the door.
There is an open door here.
There is an open door here.
There is an open door here.
There is an open door here.
As you open the door, it creaks loudly!
You can't go up here!
(D) Dungeon
Where to? (Enter - D:1 @ (x,y), ? - help)
There is an open door here.
There is a dry fountain here.
You enter the shallow water.
Moving in this stuff is going to be slow.
There is a staircase leading out of the dungeon here.
Are you sure you want to leave the Dungeon?
This will make you lose the game!
You have escaped!

###############
#≈≈≈≈≈≈≈≈≈≈≈≈≈#
#≈≈≈≈≈≈≈≈≈≈≈≈≈#
#≈≈≈≈~≈~≈~≈≈≈≈#
#≈≈~~~~~~~~≈≈≈#
#≈≈~~~...~~~≈≈#
#≈≈~~..@..~~~≈#
#≈≈~~~...~~~≈~#
#≈≈≈~~~~~~~≈≈≈#
#≈≈≈≈~~~~≈~≈≈≈#
#≈≈≈≈~~~~~≈≈≈≈#
#≈≈≈≈~≈~≈~~~≈≈#
#≈≈≈~~~~≈~≈≈≈≈#
#≈≈≈~~~~≈~~≈≈≈#
#≈≈≈~~≈~≈≈~≈≈≈#


There were no monsters in sight!

Vanquished Creatures
  4 jackals (D:1)
  A quokka (D:1)
  A ball python (D:1)
  2 bats (D:1)
  A rat (D:1)
9 creatures vanquished.

Notes
Turn   | Place    | Note
-------+----------+-------------------------------------------
     0 | D:1      | Alarkh the Demonspawn Chaos Knight began the quest for the
                  | Orb.
     0 | D:1      | Reached XP level 1. HP: 18/18 MP: 1/1
    21 | D:1      | XOM: silly message
   202 | D:1      | Reached skill level 1 in Dodging
   204 | D:1      | Gained mutation: A meltable shield of frost defends you.
                  | (SH +4) [demonic ancestry]
   204 | D:1      | Reached XP level 2. HP: 19/24 MP: 2/2
   274 | D:$      | Got out of the dungeon alive.

Illustrated notes

Levels and vault maps discovered:
D:1:      zaba_arrival_water, layout_basic, minmay_strange_pillars

Skill      XL: |  1  2 |
---------------+-------+-----
Dodging        | 1 |  1.0
Unarmed Combat | 3 |  3.0
Fighting       | |  3.1
Armour         | |  1.7
Shields        | |  0.2
Evocations     | |  0.2

Action                     || total
---------------------------++-------
  Melee: Unarmed           ||    38
 Armour: Leather armour    ||    20
  Dodge: Dodged            ||    27
  Block: Buckler           ||     4
